TOP OF THE 1ST |
Greensboro Grasshoppers batting - Pitching for South Bend Cubs : LHP Andres Lobato
|
Pitching: LHP Andres Lobato
|
|
Batting: RHB Akira Suzuki
|
0-0: Fly out, F8 (Line Drive, 78M, EV 91.2 MPH)
|
Batting: RHB Jim Fisher
|
0-0: Ball 1-0: Foul Ball, location: 2F 1-1: Ground out 4-3 (Groundball, 34, EV 95.6 MPH)
|
Batting: RHB Manuel Taveras
|
0-0: Ball 1-0: Ground out 4-3 (Groundball, 4, EV 81.2 MPH)
|
Top of the 1st over - 0 runs, 0 hits, 0 errors, 0 left on base; Greensboro 0 - South Bend 0 |
BOTTOM OF THE 1ST |
South Bend Cubs batting - Pitching for Greensboro Grasshoppers : RHP Javy Balderrama
|
Pitching: RHP Javy Balderrama
|
|
Batting: RHB Du Kim
|
0-0: Called Strike 0-1: Called Strike 0-2: Ball 1-2: SINGLE (Line Drive, 7S, EV 111.2 MPH)
|
Batting: LHB Alex Ramos
|
0-0: Called Strike Du Kim steals 2nd base 0-1: Swinging Strike 0-2: Ball 1-2: Ball 2-2: Strikes out swinging
|
Batting: LHB Melvin Salgado
|
0-0: Called Strike 0-1: Foul Ball, location: 2F 0-2: Foul Ball, location: 2F 0-2: Strikes out swinging
|
Batting: RHB Tim Long
|
0-0: Foul Ball, location: 2F 0-1: Ball 1-1: Swinging Strike 1-2: Ball 2-2: Ball 3-2: Foul Ball, location: 2F 3-2: Strikes out swinging
|
Bottom of the 1st over - 0 runs, 1 hit, 0 errors, 1 left on base; Greensboro 0 - South Bend 0 |
TOP OF THE 2ND |
Greensboro Grasshoppers batting - Pitching for South Bend Cubs : LHP Andres Lobato
|
Batting: SHB Matt Moore
|
0-0: Called Strike 0-1: Ball 1-1: Ball 2-1: Foul Ball, location: 2F 2-2: Ball 3-2: Strikes out swinging
|
Batting: RHB Nate Crofts
|
0-0: Ball 1-0: Foul Ball, location: 2F 1-1: Foul Ball, location: 2F 1-2: SINGLE (Line Drive, 9S, EV 112.5 MPH)
|
Batting: RHB Larry LeFever
|
0-0: Called Strike 0-1: Ball 1-1: Called Strike 1-2: Ball 2-2: Strikes out swinging
|
Batting: LHB Jose Cabello
|
0-0: Ground out 3-1 (Groundball, 34S, EV 88.1 MPH)
|
Top of the 2nd over - 0 runs, 1 hit, 0 errors, 1 left on base; Greensboro 0 - South Bend 0 |
BOTTOM OF THE 2ND |
South Bend Cubs batting - Pitching for Greensboro Grasshoppers : RHP Javy Balderrama
|
Batting: RHB Sung-hwan Jung
|
0-0: Called Strike 0-1: Called Strike 0-2: Ball 1-2: Ball 2-2: Strikes out swinging
|
Batting: RHB Bartolo Aguilar
|
0-0: Called Strike 0-1: Ball 1-1: Ball 2-1: Ball 3-1: Base on Balls
|
Batting: LHB Mark Huey
|
0-0: Called Strike 0-1: Foul Ball, location: 2F 0-2: SINGLE (Groundball, 5L, EV 98.8 MPH) (infield hit) Bartolo Aguilar to second
|
Batting: SHB Benoît Morin
|
0-0: Called Strike 0-1: Ball 1-1: Called Strike 1-2: Ball 2-2: Strikes out swinging
|
Batting: RHB Victor Ramirez
|
0-0: Foul Ball, location: 2F 0-1: Foul Ball, location: 2F 0-2: Ball 1-2: Ball 2-2: Ball 3-2: Fly out, F8 (Flyball, 78M, EV 93.1 MPH)
|
Bottom of the 2nd over - 0 runs, 1 hit, 0 errors, 2 left on base; Greensboro 0 - South Bend 0 |
TOP OF THE 3RD |
Greensboro Grasshoppers batting - Pitching for South Bend Cubs : LHP Andres Lobato
|
Batting: RHB Chris Alft
|
0-0: Ball 1-0: Ground out 5-3 (Groundball, 56, EV 91.2 MPH)
|
Batting: RHB J.D. Vander Klok
|
0-0: Swinging Strike 0-1: Called Strike 0-2: Strikes out swinging
|
Batting: RHB Akira Suzuki
|
0-0: Called Strike 0-1: Ball 1-1: Foul Ball, location: 2F 1-2: Foul Ball, location: 2F 1-2: SOLO HOME RUN (Flyball, 78XD, EV 108.8 MPH), Distance : 410 ft
|
Batting: RHB Jim Fisher
|
0-0: Ball 1-0: Foul Ball, location: 2F 1-1: Called Strike 1-2: Ball 2-2: Ball 3-2: Base on Balls
|
Batting: RHB Manuel Taveras
|
0-0: Ball 1-0: Ball 2-0: Called Strike 2-1: Called Strike 2-2: Ball 3-2: Fly out, F9 (Flyball, 89M, EV 82.5 MPH)
|
Top of the 3rd over - 1 run, 1 hit, 0 errors, 1 left on base; Greensboro 1 - South Bend 0 |
BOTTOM OF THE 3RD |
South Bend Cubs batting - Pitching for Greensboro Grasshoppers : RHP Javy Balderrama
|
Batting: RHB Du Kim
|
0-0: Ball 1-0: Swinging Strike 1-1: Called Strike 1-2: Fly out, F7 (Flyball, 78M, EV 94.4 MPH)
|
Batting: LHB Alex Ramos
|
0-0: Foul Ball, location: 2F 0-1: Called Strike 0-2: Strikes out swinging
|
Batting: LHB Melvin Salgado
|
0-0: Swinging Strike 0-1: Swinging Strike 0-2: Ball 1-2: Strikes out looking
|
Bottom of the 3rd over - 0 runs, 0 hits, 0 errors, 0 left on base; Greensboro 1 - South Bend 0 |
TOP OF THE 4TH |
Greensboro Grasshoppers batting - Pitching for South Bend Cubs : LHP Andres Lobato
|
Batting: SHB Matt Moore
|
0-0: Ball 1-0: Called Strike 1-1: Ball 2-1: Foul Ball, location: 2F 2-2: Strikes out swinging
|
Batting: RHB Nate Crofts
|
0-0: Ball 1-0: Ball 2-0: Ball 3-0: Called Strike 3-1: Base on Balls
|
Pitching: LHP Matt Tomlinson
|
|
Batting: RHB Larry LeFever
|
0-0: Ball 1-0: Grounds into double play, 6-4-3 (Groundball, 6, EV 108.1 MPH)
|
Top of the 4th over - 0 runs, 0 hits, 0 errors, 0 left on base; Greensboro 1 - South Bend 0 |
BOTTOM OF THE 4TH |
South Bend Cubs batting - Pitching for Greensboro Grasshoppers : RHP Javy Balderrama
|
Batting: RHB Tim Long
|
0-0: Swinging Strike 0-1: Ball 1-1: Foul Ball, location: 2F 1-2: Strikes out looking
|
Batting: RHB Sung-hwan Jung
|
0-0: Foul Ball, location: 2F 0-1: Foul Ball, location: 2F 0-2: Ball 1-2: Strikes out swinging
|
Batting: RHB Bartolo Aguilar
|
0-0: Called Strike 0-1: Foul Ball, location: 2F 0-2: Ball 1-2: Ball 2-2: Strikes out swinging
|
Bottom of the 4th over - 0 runs, 0 hits, 0 errors, 0 left on base; Greensboro 1 - South Bend 0 |
TOP OF THE 5TH |
Greensboro Grasshoppers batting - Pitching for South Bend Cubs : LHP Matt Tomlinson
|
Batting: LHB Jose Cabello
|
0-0: Ground out U3 (Groundball, 3, EV 85.0 MPH)
|
Batting: RHB Chris Alft
|
0-0: Ball 1-0: Ball 2-0: Ball 3-0: Called Strike 3-1: Called Strike 3-2: Foul Ball, location: 2F 3-2: Strikes out looking
|
Pitching: RHP Josh Deyo
|
|
Batting: RHB J.D. Vander Klok
|
0-0: Fly out, F7 (Line Drive, 78M, EV 95.6 MPH)
|
Top of the 5th over - 0 runs, 0 hits, 0 errors, 0 left on base; Greensboro 1 - South Bend 0 |
BOTTOM OF THE 5TH |
South Bend Cubs batting - Pitching for Greensboro Grasshoppers : RHP Javy Balderrama
|
Batting: LHB Mark Huey
|
0-0: Called Strike 0-1: Called Strike 0-2: Ground out 3-1 (Groundball, 34S, EV 91.9 MPH)
|
Batting: SHB Benoît Morin
|
0-0: Fly out, F7 (Flyball, 78M, EV 93.8 MPH)
|
Batting: RHB Victor Ramirez
|
0-0: Fly out, F9 (Flyball, 9D, EV 85.6 MPH)
|
Bottom of the 5th over - 0 runs, 0 hits, 0 errors, 0 left on base; Greensboro 1 - South Bend 0 |
TOP OF THE 6TH |
Greensboro Grasshoppers batting - Pitching for South Bend Cubs : RHP Josh Deyo
|
Batting: RHB Akira Suzuki
|
0-0: Ball 1-0: Ball 2-0: Foul Ball, location: 2F 2-1: Ball 3-1: SINGLE (Groundball, 6MD, EV 93.8 MPH)
|
Batting: RHB Jim Fisher
|
0-0: Foul Ball, location: 2F 0-1: Foul Ball, location: 2F 0-2: Hit by Pitch Akira Suzuki to second
|
Batting: RHB Manuel Taveras
|
0-0: Called Strike 0-1: Foul Ball, location: 2F 0-2: Ball 1-2: Ball 2-2: Foul Ball, location: 2F 2-2: Ball 3-2: SINGLE (Line Drive, 4D, EV 93.8 MPH) Akira Suzuki to third Jim Fisher to second
|
Batting: SHB Matt Moore
|
0-0: Called Strike 0-1: Ball 1-1: Ball 2-1: Ball 3-1: Foul Ball, location: 2F 3-2: Foul Ball, location: 2F 3-2: Strikes out swinging
|
Pitching: RHP Carlos Zavala
|
|
Batting: RHB Nate Crofts
|
0-0: Called Strike 0-1: Ball 1-1: Foul Ball, location: 2F 1-2: Ball 2-2: Strikes out swinging
|
Batting: RHB Larry LeFever
|
0-0: Swinging Strike 0-1: Called Strike 0-2: Ball 1-2: Foul Ball, location: 2F 1-2: Fielders Choice at 2nd, 5-4 (Groundball, 56, EV 81.2 MPH)
|
Top of the 6th over - 0 runs, 2 hits, 0 errors, 3 left on base; Greensboro 1 - South Bend 0 |
BOTTOM OF THE 6TH |
South Bend Cubs batting - Pitching for Greensboro Grasshoppers : RHP Javy Balderrama
|
Batting: RHB Du Kim
|
0-0: Swinging Strike 0-1: Ball 1-1: Ball 2-1: Foul Ball, location: 2F 2-2: Ball 3-2: Strikes out looking
|
Batting: LHB Alex Ramos
|
0-0: Called Strike 0-1: Ball 1-1: Swinging Strike 1-2: Foul Ball, location: 2F 1-2: Foul Ball, location: 2F 1-2: Fly out, F2 (Popup, 23F, EV 86.2 MPH)
|
Batting: LHB Melvin Salgado
|
0-0: Called Strike 0-1: Called Strike 0-2: Ball 1-2: Ball 2-2: SINGLE (Flyball, 89S, EV 82.5 MPH)
|
Batting: RHB Tim Long
|
0-0: Swinging Strike 0-1: Called Strike 0-2: Foul Ball, location: 2F 0-2: Ball Melvin Salgado is caught stealing 2nd base 2-4
|
Bottom of the 6th over - 0 runs, 1 hit, 0 errors, 0 left on base; Greensboro 1 - South Bend 0 |
TOP OF THE 7TH |
Greensboro Grasshoppers batting - Pitching for South Bend Cubs : RHP Carlos Zavala
|
Batting: LHB Jose Cabello
|
0-0: Ball 1-0: Ball 2-0: Ball 3-0: Called Strike 3-1: Base on Balls
|
Batting: RHB Chris Alft
|
0-0: Foul Ball, location: 2F 0-1: Ball 1-1: SINGLE (Line Drive, 3D, EV 104.4 MPH) Jose Cabello to second
|
Pitching: RHP Dylan Henderson
|
|
Batting: RHB J.D. Vander Klok
|
0-0: Called Strike 0-1: Ball 1-1: DOUBLE (Flyball, 78D, EV 108.8 MPH) Jose Cabello scores Chris Alft to third
|
Batting: RHB Akira Suzuki
|
0-0: Intentional Walk
|
Batting: RHB Jim Fisher
|
0-0: Ball 1-0: Swinging Strike 1-1: Foul Ball, location: 2F 1-2: Fly out, F2 (Popup, 2L, EV 89.4 MPH)
|
Batting: RHB Manuel Taveras
|
0-0: Ball 1-0: Called Strike 1-1: DOUBLE (Line Drive, 78M, EV 103.8 MPH) Chris Alft scores J.D. Vander Klok scores Akira Suzuki to third Runner from 3rd tries for Home, throw by LF and OUT! 7-6-2
|
Batting: SHB Matt Moore
|
0-0: 2-RUN HOME RUN (Flyball, 9D, EV 106.2 MPH), Distance : 392 ft
|
Batting: RHB Nate Crofts
|
0-0: SINGLE (Line Drive, 89M, EV 103.1 MPH)
|
Batting: RHB Larry LeFever
|
0-0: DOUBLE (Line Drive, 9LM, EV 99.4 MPH) Nate Crofts to third Runner from 3rd tries for Home, SAFE, no throw by RF
|
Pitching: RHP Josh Mott
|
|
Batting: LHB Jose Cabello
|
0-0: Called Strike 0-1: Foul Ball, location: 2F 0-2: Foul Ball, location: 2F 0-2: Ball 1-2: Strikes out swinging
|
Top of the 7th over - 6 runs, 6 hits, 0 errors, 1 left on base; Greensboro 7 - South Bend 0 |
BOTTOM OF THE 7TH |
South Bend Cubs batting - Pitching for Greensboro Grasshoppers : RHP Javy Balderrama
|
Pitching: RHP Adam Brown
|
|
Batting: RHB Tim Long
|
0-0: Foul Ball, location: 2F 0-1: Swinging Strike 0-2: Strikes out looking
|
Batting: RHB Sung-hwan Jung
|
0-0: DOUBLE (Line Drive, 9LS, EV 96.9 MPH)
|
Batting: RHB Bartolo Aguilar
|
0-0: Called Strike 0-1: Ground out 6-3 (Groundball, 6, EV 90.0 MPH)
|
Batting: LHB Mark Huey
|
0-0: Called Strike 0-1: Foul Ball, location: 2F 0-2: Ball 1-2: Fly out, F9 (Line Drive, 9, EV 85.6 MPH)
|
Bottom of the 7th over - 0 runs, 1 hit, 0 errors, 1 left on base; Greensboro 7 - South Bend 0 |
TOP OF THE 8TH |
Greensboro Grasshoppers batting - Pitching for South Bend Cubs : RHP Josh Mott
|
Batting: RHB Chris Alft
|
0-0: DOUBLE (Line Drive, 9LM, EV 105.6 MPH)
|
Batting: RHB J.D. Vander Klok
|
0-0: Called Strike 0-1: Swinging Strike 0-2: Strikes out swinging
|
Batting: RHB Akira Suzuki
|
0-0: Called Strike 0-1: Ball 1-1: Ball 2-1: SINGLE (Groundball, 6MD, EV 106.9 MPH) Chris Alft to third Throwing error, E8 Chris Alft scores Akira Suzuki to second
|
Batting: RHB Jim Fisher
|
0-0: Swinging Strike 0-1: Foul Ball, location: 2F 0-2: Ground out 4-3 (Groundball, 34, EV 91.9 MPH) Akira Suzuki to third
|
Batting: RHB Manuel Taveras
|
0-0: Ball Passed Ball! Akira Suzuki scores 1-0: Ball 2-0: SINGLE (Groundball, 4D, EV 98.1 MPH)
|
Pitching: RHP Tom Reed
|
|
Batting: SHB Matt Moore
|
0-0: Ball 1-0: 2-RUN HOME RUN (Flyball, 9LD, EV 96.2 MPH), Distance : 371 ft
|
Batting: RHB Nate Crofts
|
0-0: Foul Ball, location: 2F 0-1: Ground out 4-3 (Groundball, 4, EV 87.5 MPH)
|
Top of the 8th over - 4 runs, 4 hits, 1 error, 0 left on base; Greensboro 11 - South Bend 0 |
BOTTOM OF THE 8TH |
South Bend Cubs batting - Pitching for Greensboro Grasshoppers : RHP Adam Brown
|
Batting: SHB Benoît Morin
|
0-0: Called Strike 0-1: Ball 1-1: Ball 2-1: Foul Ball, location: 2F 2-2: Hit by Pitch
|
Batting: RHB Victor Ramirez
|
0-0: Ball 1-0: Ball 2-0: Ball 3-0: Base on Balls Benoît Morin to second
|
Batting: RHB Du Kim
|
0-0: Fly out, F2 (Popup, 13S, EV 85.0 MPH)
|
Batting: LHB Alex Ramos
|
0-0: Ball 1-0: Ball 2-0: Fly out, F5 (Popup, 56, EV 81.9 MPH)
|
Pitching: LHP Geoff Goss
|
|
Batting: LHB Melvin Salgado
|
0-0: Called Strike 0-1: SINGLE (Line Drive, 89M, EV 101.9 MPH) Benoît Morin to third Victor Ramirez to second
|
Batting: RHB Tim Long
|
0-0: Called Strike 0-1: Swinging Strike 0-2: Ball 1-2: Foul Ball, location: 2F 1-2: Foul Ball, location: 2F 1-2: Ball 2-2: Ball 3-2: Strikes out swinging
|
Bottom of the 8th over - 0 runs, 1 hit, 0 errors, 3 left on base; Greensboro 11 - South Bend 0 |
TOP OF THE 9TH |
Greensboro Grasshoppers batting - Pitching for South Bend Cubs : RHP Tom Reed
|
Batting: RHB Larry LeFever
|
0-0: Ball 1-0: Ball 2-0: Fly out, F4 (Popup, 4MD, EV 57.5 MPH)
|
Batting: LHB Jose Cabello
|
0-0: Fly out, F7 (Flyball, 7D, EV 95.0 MPH)
|
Batting: RHB Chris Alft
|
0-0: Foul Ball, location: 2F 0-1: Swinging Strike 0-2: DOUBLE (Line Drive, 9LS, EV 93.1 MPH)
|
Batting: RHB J.D. Vander Klok
|
0-0: Ball 1-0: SINGLE (Line Drive, 8LS, EV 93.1 MPH) Chris Alft to third Runner from 3rd tries for Home, throw by CF and OUT! 8-2
|
Top of the 9th over - 0 runs, 2 hits, 0 errors, 1 left on base; Greensboro 11 - South Bend 0 |
BOTTOM OF THE 9TH |
South Bend Cubs batting - Pitching for Greensboro Grasshoppers : LHP Geoff Goss
|
Batting: RHB Sung-hwan Jung
|
0-0: Ball 1-0: Swinging Strike 1-1: Foul Ball, location: 2F 1-2: Ball 2-2: Foul Ball, location: 2F 2-2: Ground out 6-3 (Groundball, 6, EV 80.0 MPH)
|
Batting: RHB Bartolo Aguilar
|
0-0: Ball 1-0: Ball 2-0: Called Strike 2-1: Ball 3-1: Swinging Strike 3-2: Strikes out swinging
|
Batting: LHB Mark Huey
|
0-0: Ground out 6-3 (Groundball, 6, EV 104.4 MPH)
|
Bottom of the 9th over - 0 runs, 0 hits, 0 errors, 0 left on base; Greensboro 11 - South Bend 0 |
|